 Dungeon Crawl Stone Soup version 0.23.2-40-g277498a (webtiles) character file.

Game seed: 12475682943819422107

9835 zhovat1 the Thaumaturge (level 11, -4/96 HPs)
             Began as a Deep Elf Earth Elementalist on Aug 15, 2019.
             Was a Priest of Vehumet.
             Killed from afar by an electric eel (12 damage)
             ... with a bolt of electricity
             ... on level 10 of the Dungeon.
             The game lasted 00:19:21 (12831 turns).

zhovat1 the Thaumaturge (DEEE)                     Turns: 12831, Time: 00:19:22

Health: -4/96      AC:  6    Str:  8    XL:     11   Next: 28%
Magic:  23/24      EV: 18    Int: 24    God:    Vehumet [***...]
Gold:   420        SH:  0    Dex: 15    Spells: 13/29 levels left

rFire    . . .     SeeInvis .   g - +4 dagger (pain)
rCold    . . .     Gourm    .   (no shield)
rNeg     . . .     Faith    .   c - +1 robe
rPois    .         Spirit   .   (helmet restricted)
rElec    .         Reflect  .   (no cloak)
rCorr    .         Harm     .   (no gloves)
MR       +....                  j - +1 pair of boots
Stlth    ..........             (no amulet)
HPRegen  0.26/turn              (no ring)
MPRegen  0.19/turn              (no ring)

@: berserking (expiring), lethally poisoned (-4 -> -6), very quick
A: horns 1, low mp 1, shaggy fur 1, weak 1, sturdy frame 1
a: Renounce Religion


You were on level 10 of the Dungeon.
You worshipped Vehumet.
Vehumet was most pleased with you.
You were not hungry.

You visited 2 branches of the dungeon, and saw 11 of its levels.

You collected 420 gold pieces.

Inventory:

Hand Weapons
 g - a +4 dagger of pain (weapon)
Missiles
 b - 25 stones (quivered)
Armour
 c - a +1 robe (worn)
 j - a +1 pair of boots (worn)
Wands
 e - a wand of clouds (9)
 i - a wand of iceblast (9)
 o - a wand of acid (5)
 s - a wand of flame (18)
 t - a wand of disintegration (14)
Scrolls
 a - a scroll of enchant armour
 k - 2 scrolls of magic mapping
 q - 3 scrolls of remove curse
 v - 3 scrolls of fog
Potions
 f - a potion of cancellation
 h - 2 potions of degeneration {unknown}
 l - 2 potions of curing
 m - a potion of might
 n - a potion of heal wounds {unknown}
 p - a potion of berserk rage
 r - a potion of lignification {unknown}
 u - a potion of resistance {unknown}
 x - 2 potions of agility
Comestibles
 d - 25 rations
 w - 5 chunks of flesh


   Skills:
 + Level 5.8 Fighting
 + Level 8.9 Dodging
 - Level 2.4 Stealth
 + Level 9.6 Spellcasting
 + Level 7.4 Conjurations
 + Level 4.8 Translocations
 - Level 1.1 Transmutations
 + Level 3.3 Fire Magic
 + Level 8.4 Earth Magic
 + Level 6.7 Evocations


You had 13 spell levels left.
You knew the following spells:

 Your Spells              Type           Power        Failure   Level  Hunger
a - Sandblast             Erth           ######       1%          1    None
b - Stone Arrow           Conj/Erth      #####.       1%          3    None
c - Lee's Rapid Deconstr  Erth           ######....   1%          5    ####...
d - Force Lance           Conj/Tloc      #####...     1%          4    #......
e - Passwall              Tmut/Erth      ####....     1%          2    None
f - Flame Tongue          Conj/Fire      #####        1%          1    None

Your spell library contained the following spells:

 Spells                   Type           Power        Failure   Level  Hunger
 Mephitic Cloud           Conj/Pois/Air  ###.....     1%          3    None
 Magic Dart               Conj           ####         1%          1    None
 Searing Ray              Conj           #####.       1%          2    None
 Throw Flame              Conj/Fire      #####.       1%          2    None
 Conjure Flame            Conj/Fire      #####...     1%          3    None
 Dazzling Spray           Conj/Hex       ####..       1%          3    None
 Iskenderun's Mystic Bla  Conj           #####...     1%          4    #......
 Sticky Flame             Conj/Fire      #####...     1%          4    #......
 Inner Flame              Hex/Fire       ###.....     2%          3    None
 Fulminant Prism          Conj/Hex       ####......   3%          4    #......
 Fireball                 Conj/Fire      #####.....   4%          5    ####...
 Petrify                  Tmut/Erth      ####....     8%          4    #......


Dungeon Overview and Level Annotations

Branches:
Dungeon (10/15)            Temple (1/1) D:4
   Lair: D:8-11         Orc: D:9-12

Altars:
Ashenzari
Cheibriados
Dithmenos
Elyvilon
Fedhas
Gozag
Hepliaklqana
Kikubaaqudgha
Makhleb
Nemelex Xobeh
Okawaru
Qazlal
Ru
Sif Muna
Trog
Uskayaw
Vehumet
Wu Jian
Xom
Yredelemnul
Zin
The Shining One

Shops:
D:6 :   D:9 ?

Annotations:
D:6 exclusion: statue


Innate Abilities, Weirdness & Mutations

You have a pair of small horns on your head.
Your magical capacity is low. (-10% MP)
You are covered in fur. (AC +1)
You are weak. (Str -2)
Your movements are slightly less encumbered by armour. (ER -2)


Message History

The bullfrog zombie completely misses you.
The orc priest misses you.
You barely miss the orc priest.
The orc priest is heavily wounded.
The bullfrog zombie misses you.
You closely miss the orc priest.
The orc priest is heavily wounded.
You feel sick. The orc misses you. The orc priest hits you with a +0 club.
* * * LOW HITPOINT WARNING * * *
The bullfrog zombie completely misses you.
You puncture the orc priest!
You kill the orc priest!
Vehumet accepts your kill.
The bullfrog zombie completely misses you.
The orc closely misses you.
You hit the orc.
The orc is severely wounded.
The electric eel shoots out a bolt of lightning at you!
The bolt of electricity hits you!
You die...

.... ...( .....
......#### .........#
......##.## .......#..#
≈≈≈≈...Z#o## ≈≈≈≈;.))@..#
...≈≈.≈≈..(# .∩....≈≈≈(.#
....≈..≈≈(.# #######
.≈≈≈≈≈≈≈≈..# #....<###
≈≈≈.≈≈≈....#####.......##
........#...#..##....#..#
.......................#
......................#


You could see an electric eel, an orc and a bullfrog zombie.

Vanquished Creatures
  A hydra (D:8)
  Joseph (D:7)
  A troll (D:10)
  A hornet (D:8)
  2 dream sheep
  Grinder (D:3)
  3 hippogriffs (D:8)
  A steam dragon (D:9)
  13 yaks
  2 hungry ghosts
  4 ice beasts
  2 sky beasts
  3 orc warriors
  2 necrophages (D:9)
  4 ogres
  3 phantoms
  A wolf (D:9)
  2 centaurs
  3 big kobolds (D:8)
  Blork the orc (D:5)
  6 bullfrogs
  2 scorpions
  15 killer bees
  5 wights (D:6)
  4 howler monkeys
  4 crimson imps
  A bullfrog zombie (D:5)
  2 hounds
  4 jellies
  8 orc wizards
  A bullfrog skeleton (D:9)
  3 centaur skeletons
  5 orc priests
  3 iguanas
  6 worker ants
  A killer bee zombie (D:8)
  2 hound skeletons (D:7)
  11 adders
  3 gnolls (D:4)
  A howler monkey skeleton (D:8)
  6 shadow imps
  An ooze (D:6)
  An adder skeleton (D:8)
  3 worms (D:2)
  2 dart slugs
  A leopard gecko (D:1)
  42 orcs
  6 giant cockroaches
  7 hobgoblins
  A jackal (D:4)
  A quokka (D:5)
  2 bats
  6 frilled lizards
  19 goblins
  11 kobolds
  2 leopard gecko skeletons (D:6)
  3 rats
252 creatures vanquished.

Vanquished Creatures (others)
  An orc (D:10)
1 creature vanquished.

Grand Total: 253 creatures vanquished

Notes
Turn   | Place    | Note
-------+----------+-------------------------------------------
     0 | D:1      | zhovat1 the Deep Elf Earth Elementalist began the quest for
                  | the Orb.
     0 | D:1      | Reached XP level 1. HP: 10/10 MP: 6/6
   256 | D:1      | Reached XP level 2. HP: 5/16 MP: 1/8
  1228 | D:2      | Reached skill level 1 in Fighting
  1228 | D:2      | Reached XP level 3. HP: 20/20 MP: 8/10
  1233 | D:2      | Learned a level 3 spell: Stone Arrow
  1485 | D:2      | Reached XP level 4. HP: 24/25 MP: 8/11
  1522 | D:2      | Reached skill level 1 in Conjurations
  1708 | D:2      | Reached skill level 4 in Spellcasting
  2233 | D:3      | Found a faded altar of an unknown god.
  2288 | D:3      | Reached XP level 5. HP: 29/29 MP: 11/13
  2608 | D:3      | Noticed Grinder
  2715 | D:3      | Gained mutation: Your magical capacity is low. (-10% MP)
                  | [potion of mutation]
  2715 | D:3      | Gained mutation: You expend magic power (3 MP) to
                  | strengthen your wands. [potion of mutation]
  2715 | D:3      | Gained mutation: You are somewhat resistant to further
                  | mutation. [potion of mutation]
  2715 | D:3      | Gained mutation: You possess an exceptional clarity of
                  | mind. [potion of mutation]
  2719 | D:3      | Killed Grinder
  2719 | D:3      | Reached XP level 6. HP: 35/35 MP: 9/14
  3086 | D:4      | Reached skill level 5 in Spellcasting
  3249 | D:4      | Found a staircase to the Ecumenical Temple.
  3277 | Temple   | Entered the Ecumenical Temple
  3428 | D:4      | Reached XP level 7. HP: 40/40 MP: 12/15
  3466 | D:4      | Reached skill level 5 in Earth Magic
  3872 | D:4      | Reached skill level 1 in Evocations
  4234 | D:5      | Entered Level 5 of the Dungeon
  4267 | D:5      | Reached skill level 5 in Dodging
  4657 | D:5      | Reached skill level 6 in Spellcasting
  4657 | D:5      | Reached XP level 8. HP: 37/46 MP: 4/17
  4942 | D:5      | Noticed Blork the orc
  4946 | D:5      | Killed Blork the orc
  5618 | D:6      | Reached skill level 7 in Spellcasting
  5992 | D:6      | Found a radiant altar of Vehumet.
  6004 | D:6      | Became a worshipper of Vehumet
  6099 | D:6      | Found a burning altar of Makhleb.
  6104 | D:6      | Reached XP level 9. HP: 45/52 MP: 15/19
  6139 | D:6      | Found Duuguid's Book Emporium.
  6486 | D:6      | Reached skill level 5 in Conjurations
  6488 | D:6      | Found a sparkling altar of Nemelex Xobeh.
  6609 | D:7      | Noticed Joseph
  6613 | D:7      | Killed Joseph
  6746 | D:7      | Learned a level 5 spell: Lee's Rapid Deconstruction
  6751 | D:7      | Learned a level 4 spell: Force Lance
  6754 | D:7      | Learned a level 2 spell: Passwall
  7260 | D:7      | Reached * piety under Vehumet
  7260 | D:7      | Offered knowledge of Sting by Vehumet.
  7266 | D:7      | Reached skill level 1 in Translocations
  8134 | D:7      | Reached skill level 8 in Spellcasting
  8575 | D:6      | Lost mutation: You possess an exceptional clarity of mind.
                  | [potion of mutation]
  8575 | D:6      | Lost mutation: You are somewhat resistant to further
                  | mutation. [potion of mutation]
  8575 | D:6      | Gained mutation: Your spells are a little harder to cast,
                  | but a little more powerful. [potion of mutation]
  8575 | D:6      | Gained mutation: You have a pair of small horns on your
                  | head. [potion of mutation]
  8576 | D:6      | Lost mutation: You expend magic power (3 MP) to strengthen
                  | your wands. [potion of mutation]
  8576 | D:6      | Lost mutation: Your spells are a little harder to cast, but
                  | a little more powerful. [potion of mutation]
  8576 | D:6      | Gained mutation: You are covered in fur. (AC +1) [potion of
                  | mutation]
  8576 | D:6      | Gained mutation: You are weak. (Str -2) [potion of
                  | mutation]
  8576 | D:6      | Gained mutation: Your movements are slightly less
                  | encumbered by armour. (ER -2) [potion of mutation]
  8752 | D:8      | Reached skill level 5 in Evocations
  8946 | D:8      | HP: 1/52 [killer bee (2)]
  8956 | D:7      | HP: 2/52 [killer bee (5)]
  9221 | D:8      | Reached XP level 10. HP: 52/58 MP: 19/22
  9274 | D:8      | Found an ancient bone altar of Kikubaaqudgha.
  9579 | D:8      | Reached ** piety under Vehumet
  9591 | D:8      | Reached skill level 5 in Fighting
  9595 | D:8      | Offered knowledge of Flame Tongue by Vehumet.
  9628 | D:8      | Learned a level 1 spell: Flame Tongue
 10195 | D:8      | Reached skill level 1 in Fire Magic
 10214 | D:9      | Found Tierch's Magic Scroll Boutique.
 10238 | D:9      | Reached skill level 9 in Spellcasting
 10364 | D:8      | Noticed a three-headed hydra
 10383 | D:8      | Killed a three-headed hydra
 11733 | D:9      | Found a glowing golden altar of the Shining One.
 12034 | D:9      | Offered knowledge of Mephitic Cloud by Vehumet.
 12034 | D:9      | Reached XP level 11. HP: 56/64 MP: 16/23
 12244 | D:10     | Entered Level 10 of the Dungeon
 12807 | D:10     | Reached *** piety under Vehumet
 12831 | D:10     | Killed from afar by an electric eel

Skill      XL: |  1  2  3  4  5  6  7  8  9 10 11 |
---------------+----------------------------------+-----
Fighting       | 1 2 3 4 5 |  5.8
Dodging        | 3 4 5 6 7 8 |  8.9
Conjurations   | 1 2 3 4 6 7 |  7.4
Spellcasting   | 4 5 6 7 8 9 |  9.6
Earth Magic    | 4 5 6 7 8 |  8.4
Evocations     | 2 3 5 6 |  6.7
Translocations | 2 4 |  4.8
Fire Magic     | 2 3 |  3.3
Stealth        | |  2.4
Transmutations | |  1.1

Action                   |  1- 3 |  4- 6 |  7- 9 | 10-12 || total
-------------------------+-------+-------+-------+-------++-------
Melee: Unarmed           |     5 |       |       |       ||     5
       Dagger            |     9 |    34 |    69 |    34 ||   146
       Headbutt          |       |       |       |     8 ||     8
 Cast: Sandblast         |    35 |    61 |    95 |    90 ||   281
       Stone Arrow       |       |       |    89 |    85 ||   174
       Force Lance       |       |       |       |     1 ||     1
  Use: Scroll            |     4 |     1 |     6 |     5 ||    16
       Potion            |       |     6 |     9 |     1 ||    16
 Stab: Sleeping          |     4 |     3 |     5 |       ||    12
  Eat: Chunk             |     2 |     5 |    13 |    13 ||    33
       Ration            |       |       |     1 |       ||     1
Armor: Robe              |     4 |    11 |    35 |    16 ||    66
Dodge: Dodged            |    18 |    31 |   145 |   132 ||   326
